 Dungeon Crawl Stone Soup version 0.26-a0-812-g31a745ddcd (webtiles) character file.

Game seed: 11412625957149539492

39 kae the Conjurer (level 3, -10/23 HPs)
             Began as an Octopode Conjurer on Nov 24, 2020.
             Killed by divine providence
             ... invoked by an orc priest
              (12 damage)
             ... on level 2 of the Dungeon.
             The game lasted 00:00:48 (1154 turns).

kae the Conjurer (Octopode Conjurer)                Turns: 1154, Time: 00:00:48

Health: -10/23     AC:  1    Str:  6    XL:     3   Next: 45%
Magic:  1/6        EV: 13    Int: 21    God:
Gold:   66         SH:  0    Dex: 10    Spells: 5/6 levels left

rFire    . . .     SeeInvis .   (no weapon)
rCold    . . .     Faith    .   (no shield)
rNeg     + . .     Spirit   .   (helmet restricted)
rPois    .         Reflect  .   (no amulet)
rElec    .         Harm     .   f - ring of positive energy
rCorr    .         Rampage  .   (no ring)
MR       .....                  (no ring)
Stlth    +++.......             (no ring)
HPRegen  0.07/turn              (no ring)
MPRegen  0.10/turn              (no ring)
                                (no ring)
                                (no ring)

@: no status effects
A: almost no armour, stealthy swim, amphibious, 8 rings, constrict 8, camouflage
1, gelatinous body 1
a: no special abilities


You were on level 2 of the Dungeon.
You visited 1 branch of the dungeon, and saw 2 of its levels.

You collected 66 gold pieces.

Inventory:

Jewellery
 f - a ring of positive energy (left tentacle)
Potions
 a - a potion of heal wounds
 b - a potion of curing
 c - a potion of ambrosia {unknown}
 d - a potion of might {unknown}
 e - a potion of brilliance {unknown}


   Skills:
 + Level 1.2 Fighting
 + Level 2.5 Dodging
 - Level 2.6 Stealth
 + Level 2.4 Spellcasting
 + Level 4.3 Conjurations


You had 5 spell levels left.
You knew the following spells:

 Your Spells              Type           Power        Failure   Level
a - Magic Dart            Conj           ###.         2%          1

Your spell library contained the following spells:

 Spells                   Type           Power        Failure   Level
 Searing Ray              Conj           ###...       3%          2
 Dazzling Flash           Conj/Hex       ##....       17%         3
 Fulminant Prism          Conj/Hex       ##........   50%         4
 Iskenderun's Mystic Bla  Conj/Tloc      ##......     50%         4


Dungeon Overview and Level Annotations

Branches:
Dungeon (2/15)

Altars:


Innate Abilities, Weirdness & Mutations

You cannot wear most types of armour.
You are very stealthy in the water. (Stealth+)
You are amphibious.
You can wear up to eight rings at the same time.
You can use your tentacles to constrict eight enemies at once.
Your skin changes colour to match your surroundings (Stealth+).
Your rubbery body absorbs attacks. (AC +1, EV +1)


Message History

Your grab misses the orc priest. The orc priest barely misses you.
You tentacle-slap the orc priest. Your grab misses the orc priest.
The orc priest is lightly wounded.
The orc priest barely misses you.
Casting: Magic Dart (safe; 2% risk of failure)
Confirm with . or Enter, or press ? or * to list all spells.
Aiming: Magic Dart (safe; 2% risk of failure)
Press: ? - help, Shift-Dir - straight line, f - orc priest
Aim: an orc priest, wielding a +0 dagger (lightly wounded)
The magic dart hits the orc priest.
The orc priest is lightly wounded.
The orc priest invokes the aid of Beogh against you.
Pain shoots through your body!
* * * LOW HITPOINT WARNING * * *
You tentacle-slap the orc priest. Your grab misses the orc priest.
The orc priest is moderately wounded.
The orc priest invokes the aid of Beogh against you.
Beogh smites you!
Ouch! That really hurt!
You die...

#.#...#.####.#####
#.#.#.#....#.####
#.#.#.####.#....#
#.#.#....#.####.#
#...).#^##......#
#####.#.#########
#.....)#######
#.####.o)....# #
#@#####.# ###


You could see an orc priest.

Vanquished Creatures
  An adder zombie (D:2)
  A worm (D:2)
  3 dart slugs
  3 orcs (D:2)
  3 giant cockroaches (D:1)
  4 hobgoblins (D:1)
  A bat (D:1)
  2 frilled lizards (D:1)
  2 kobolds
  5 rats (D:1)
25 creatures vanquished.

Vanquished Creatures (others)
  6 withered plants (D:2)
6 creatures vanquished.

Grand Total: 31 creatures vanquished

Notes
Turn   | Place    | Note
-------+----------+-------------------------------------------
     0 | D:1      | kae the Octopode Conjurer began the quest for the Orb.
     0 | D:1      | Reached XP level 1. HP: 11/11 MP: 3/3
   193 | D:1      | Reached XP level 2. HP: 18/18 MP: 0/5
   629 | D:1      | Reached skill level 1 in Fighting
   853 | D:2      | Reached XP level 3. HP: 23/23 MP: 0/6
  1154 | D:2      | Killed from afar by an orc priest

Illustrated notes

Levels and vault maps discovered:
D:1:      tarquinn_simple_flora_water_a, layout_rooms
D:2:      layout_basic, chequers_ecumenical_altar_lobes, serial_undead,
          serial_undead_a, serial_undead_f, serial_undead_a, serial_undead_f,
          serial_undead_e, serial_undead_c, serial_undead_b, uniq_sigmund

Skill      XL: |  1  2 |
---------------+-------+-----
Fighting       | 1 |  1.2
Dodging        | |  2.5
Stealth        | |  2.6
Spellcasting   | |  2.4
Conjurations   | |  4.3

Action                   || total
-------------------------++-------
Melee: Unarmed           ||    28
       Constrict         ||     6
       Tentacles         ||     3
 Cast: Magic Dart        ||    41
  Use: Scroll            ||     6
 Stab: Sleeping          ||     1
Dodge: Dodged            ||    16

Table legend: (Time is in decaauts)
 A = Elapsed time spent in this place.
 B = Non-inter-level travel time spent in this place.
 C = Inter-level travel time spent in this place.
 D = Time resting spent in this place.
 E = Time spent auto-exploring this place.
 F = Levels seen in this place.
 G = Mean time per level.
                   A        B        C        D        E       F      G
               +--------+--------+--------+--------+--------+-----+--------+
         Total |   1153 |   1140 |     13 |      0 |   1016 |   2 |  576.5 |
       Dungeon |   1153 |   1140 |     13 |      0 |   1016 |   2 |  576.5 |
               +--------+--------+--------+--------+--------+-----+--------+

Top non-repeatable levels by time:
     D:1: 829 daAuts
     D:2: 324 daAuts
